 Dungeon Crawl Stone Soup version 0.22-a0-367-gb72a975 (webtiles) character file.

261 Ajdolov the Chopper (level 6, -4/35 HPs)
             Began as a Gargoyle Gladiator on Apr 22, 2018.
             Slain by an ice beast (7 damage)
             ... on level 5 of the Dungeon.
             The game lasted 00:06:22 (3068 turns).

Ajdolov the Chopper (Gargoyle Gladiator)            Turns: 3068, Time: 00:06:23

Health: -4/35      AC: 14    Str: 20    XL:     6   Next: 18%
Magic:  6/6        EV: 12    Int:  8    God:
Gold:   267        SH:  0    Dex: 15    Spells: 5/5 levels left

rFire    . . .     SeeInvis +   a - +0 war axe
rCold    . . .     Gourm    .   (no shield)
rNeg     + . .     Faith    .   t - +0 ring mail of Ehioh {+Blink +Inv Dex+4} (curse)
rPois    ∞         Spirit   .   c - +0 helmet
rElec    +         Reflect  .   (no cloak)
rCorr    .         Harm     .   e - +0 pair of gloves
MR       .....                  h - +2 pair of boots
Stlth    +.........             (no amulet)
HPRegen  0.11/turn              q - ring of see invisible
MPRegen  0.10/turn              (no ring)

@: no status effects
A: negative energy resistance 1, electricity resistance, unbreathing,
petrification resistance, rot immunity, AC +4
a: Evoke Blink, Evoke Invisibility


You were on level 5 of the Dungeon.
You were not hungry.

You visited 1 branch of the dungeon, and saw 5 of its levels.

You collected 267 gold pieces.

Inventory:

Hand Weapons
 a - a +0 war axe (weapon)
Missiles
 d - 2 throwing nets (quivered)
Armour
 c - a +0 helmet (worn)
 e - a +0 pair of gloves (worn)
 h - a +2 pair of boots (worn)
 p - a +0 chain mail
 t - the cursed +0 ring mail of Ehioh (worn) {+Blink +Inv Dex+4}
   (You found it on level 4 of the Dungeon)

   It affects your dexterity (+4).
   It lets you turn invisible.
   It lets you blink.
   It has a curse placed upon it.
Jewellery
 q - a ring of see invisible (left hand)
Scrolls
 b - 4 scrolls of identify
 j - a scroll of fog {unknown}
Potions
 i - a potion of resistance {unknown}
 k - a potion of agility {unknown}
 m - 4 potions of curing {unknown}
 o - 2 potions of heal wounds {unknown}
 r - 3 potions of haste {unknown}
 s - a potion of lignification {unknown}
Comestibles
 f - 11 rations


   Skills:
 - Level 2.1 Fighting
 + Level 6.1 Axes
 - Level 1.7 Throwing
 - Level 2.4 Dodging


You had 5 spell levels left.
You didn't know any spells.

Dungeon Overview and Level Annotations

Branches:
Dungeon (5/15)
 Temple: D:4-7

Altars:
Gozag
Hepliaklqana
Qazlal

Shops:
D:4 }


Innate Abilities, Weirdness & Mutations

You are resistant to torment.
Your stone body is resilient. (AC +4)
You are immune to poison.
You resist negative energy. (rN+)
You are resistant to electric shocks. (rElec)
You can survive without breathing.
You are immune to petrification.
You are immune to rotting.


Message History

The ice beast is almost dead.
The ice beast struggles against the net.
The net rips apart, and the ice beast comes free!
Your ring mail of Ehioh prevents you from hitting the ice beast.
The ice beast is almost dead.
The ice beast hits you but does no damage.
Your ring mail of Ehioh prevents you from hitting the ice beast.
The ice beast is almost dead.
The ice beast hits you but does no damage.
You barely miss the ice beast.
The ice beast is almost dead.
The ice beast hits you. The ice beast freezes you! The ice beast hits you.
The ice beast freezes you!
* * * LOW HITPOINT WARNING * * *
You hit the ice beast but do no damage.
The ice beast is almost dead.
The ice beast hits you.
* * * LOW HITPOINT WARNING * * *
The ice beast freezes you!
You die...

#.. #.# ##########.#
o.. #........... #..
#.########.# #.. #.#
#.# #o. #.# #.# #..
###.### #.#
#.o######.....# #.#
#.ooY@.##.....#### #.#
#.####...........###..
# ####.....##....#.
.........######.#
########## ###


You could see an ice beast and 3 orcs.

Vanquished Creatures
  A crimson imp (D:5)
  An orc wizard (D:4)
  A worker ant (D:4)
  A worker ant zombie (D:5)
  7 adders
  3 oozes
  6 worms
  A leopard gecko (D:1)
  5 orcs
  2 ball pythons
  5 bats
  4 giant cockroaches
  7 hobgoblins
  2 quokkas
  7 frilled lizards
  5 goblins
  4 kobolds
  A leopard gecko skeleton (D:4)
  9 rats
72 creatures vanquished.

Notes
Turn   | Place    | Note
-------+----------+-------------------------------------------
     0 | D:1      | Ajdolov the Gargoyle Gladiator began the quest for the Orb.
     0 | D:1      | Reached XP level 1. HP: 12/12 MP: 1/1
    53 | D:1      | Reached skill level 3 in Axes
    53 | D:1      | Reached XP level 2. HP: 14/17 MP: 2/2
   250 | D:1      | Reached XP level 3. HP: 21/21 MP: 3/3
   546 | D:2      | Reached skill level 4 in Axes
   619 | D:2      | Found a stormy altar of Qazlal.
   677 | D:2      | Reached XP level 4. HP: 26/26 MP: 4/4
   864 | D:2      | Found an opulent altar of Gozag.
  1299 | D:3      | Reached skill level 5 in Axes
  1309 | D:3      | Reached XP level 5. HP: 30/30 MP: 5/5
  1607 | D:4      | Got a heavily runed helmet
  1619 | D:4      | Identified the +0 helmet of Muehih {-Tele MR+ Regen+} (You found it on level 4 of the Dungeon)
  1732 | D:4      | Got a bloodstained ring mail
  1743 | D:4      | Identified the cursed +0 ring mail of Ehioh {+Blink +Inv Dex+4} (You found it on level 4 of the Dungeon)
  2009 | D:4      | Found Gythusar's Gadget Shop.
  2153 | D:4      | Found a hazy altar of Hepliaklqana.
  2546 | D:5      | Entered Level 5 of the Dungeon
  2551 | D:5      | Reached XP level 6. HP: 35/35 MP: 6/6
  2582 | D:5      | Noticed a phantom
  2801 | D:5      | Reached skill level 6 in Axes
  3056 | D:5      | Noticed an ice beast
  3068 | D:5      | Slain by an ice beast

Vault maps used:
D:1:      noname_arrival_rooms_in_the_neighbourhood, minmay_quantized
D:2:      nicolae_overflow_crystal_walls, lemuel_round_altar
D:3:      first_ration
D:4:      lemuel_round_altar, serial_shops, nicolae_shop_statue_plus
D:5:      fedhas_altar_1, uniq_prince_ribbit1

Skill      XL: |  1  2  3  4  5  6 |
---------------+-------------------+-----
Axes           | 3 4 5 6 |  6.1
Fighting       | |  2.1
Throwing       | |  1.7
Dodging        | |  2.4

Action                   |  1- 3 |  4- 6 || total
-------------------------+-------+-------++-------
Melee: War axe           |    84 |   180 ||   264
Throw: Throwing net      |       |     1 ||     1
  Use: Scroll            |       |     4 ||     4
  Eat: Chunk             |       |     7 ||     7
Armor: Leather armour    |     7 |       ||     7
       Scale mail        |    31 |    10 ||    41
       Chain mail        |       |    68 ||    68
       Ring mail         |       |    22 ||    22
Dodge: Dodged            |    51 |    75 ||   126

Table legend:
 A = Spawn XP
 B = Non-spawn XP
 C = Spawn XP percentage of total XP
 D = Spawn monster count
 E = Non-spawn monster count
 F = Spawn count percentage of total count
 G = Total turns spent on level
                    A         B        C        D         E        F      G
               +---------+---------+-------+---------+---------+-------+---------
         Total |       0 |     373 |   0.0 |       0 |      72 |   0.0 |  3068
               +---------+---------+-------+---------+---------+-------+---------
           D:1 |       0 |      51 |   0.0 |       0 |      25 |   0.0 |   542
           D:2 |       0 |      74 |   0.0 |       0 |      16 |   0.0 |   444
           D:3 |       0 |      89 |   0.0 |       0 |      19 |   0.0 |   575
           D:4 |       0 |      93 |   0.0 |       0 |       9 |   0.0 |  1174
           D:5 |       0 |      66 |   0.0 |       0 |       3 |   0.0 |   333
               +---------+---------+-------+---------+---------+-------+---------
